Map: Vigía EE

Players

MrFercho - Winner!

  • Race: Zerg Zerg
  • League: Silver
  • Spawn Location: 5:00

TATORREA - Winner!

  • Race: Protoss Protoss
  • League: Silver
  • Spawn Location: 5:00

tigro - Winner!

  • Race: Terran Terran
  • League: Bronze
  • Spawn Location: 6:00

carpaltunnel

  • Race: Zerg Zerg
  • Spawn Location: 9:00

solidnliquid

  • Race: Protoss Protoss
  • Spawn Location: 12:00

zateon

  • Race: Terran Terran
  • League: Gold
  • Spawn Location: 9:00

VOD

Have the link to the VOD?

Description

Time

  • Played on: June 8, 2020, 9:28 p.m.
  • Length: 13:32
Show
View Real Time Build Order
Export as new Build Order

MrFercho Zerg - Winner!

Build Orders: Hatch First, Roach Hydra 

Get SALT Encoding   

  12  0:01  Drone  
  13  0:14  Overlord  
  13  0:17  Drone  
  14  0:33  Drone x2  
  16  0:37  Drone  
  17  0:50  Drone  
  18  1:07  Hatchery, Drone  
  18  1:14  Spawning Pool  
  18  1:15  Drone  
  18  1:22  Overlord  
  18  1:30  Drone  
  19  1:36  Extractor  
  18  1:41  Drone  
  19  1:53  Drone  
  20  2:01  Queen  
  20  2:06  Drone  
  23  2:13  Drone  
  24  2:19  Drone  
  25  2:24  Drone  
  26  2:30  Drone  
  26  2:34  Drone  
  26  2:35  Queen  
  30  2:39  Lair  
  30  2:41  Drone  
  31  2:45  Drone  
  31  2:51  Drone  
  33  2:56  Drone  
  34  3:02  Roach Warren, Drone  
  34  3:07  Drone  
  34  3:12  Drone  
  36  3:18  Overlord  
  36  3:23  Extractor  
  36  3:25  Extractor, Queen  
  36  3:28  Overlord x2  
  36  3:44  Drone x4  
  40  3:49  Drone  
  40  3:50  Drone x3  
  40  3:51  Hatchery  
  40  3:55  Drone  
  44  4:03  Drone  
  44  4:04  Drone, Evolution Chamber  
  45  4:28  Roach x4  
  53  4:35  Glial Reconstitution  
  53  4:40  Zerg Missile Weapons Level 1  
  55  4:45  Roach  
  55  4:46  Roach x2  
  55  4:47  Overlord x2  
  55  4:48  Overlord  
  59  4:56  Zergling x2  
  60  5:04  Drone x4  
  64  5:15  Roach x3  
  70  5:27  Drone  
  70  5:28  Drone x6  
  77  5:44  Drone x3  
  80  6:00  Hatchery  
  79  6:05  Evolution Chamber  
  78  6:30  Hydralisk Den  
  77  6:47  Hatchery  
  77  6:51  Spore Crawler  
  77  6:53  Extractor  
  77  6:54  Extractor  
  73  7:06  Hydralisk x6  
  73  7:07  Hydralisk x2  
  89  7:14  Overlord x4  
  89  7:15  Overlord  
  85  7:26  Drone  
  85  7:27  Drone x6  
  88  7:32  Extractor  
  88  7:35  Extractor, Hydralisk x2  
  78  7:42  Grooved Spines  
  78  7:53  Overseer  
  78  7:54  Hydralisk x8  
  78  7:55  Hydralisk x2  
  78  7:57  Hydralisk x3  
  104  8:21  Hydralisk x4  
  104  8:22  Hydralisk  
  114  8:50  Hydralisk x6  
  114  8:51  Hydralisk x2  
  114  8:54  Muscular Augments  
  130  8:56  Hydralisk  
  130  9:00  Drone x6  
  138  9:43  Zerg Missile Weapons Level 2, Zerg Ground Armor Level 1  
  138  9:53  Hydralisk x2, Infestation Pit  
  136  10:08  Overseer  
  126  10:15  Spine Crawler  
  126  10:19  Drone x15  
  126  10:20  Drone x2  
  135  11:03  Overlord x4  
  135  11:04  Overlord x8  
  129  11:27  Drone x8  
  129  11:28  Queen  
  139  11:35  Hive  
  139  11:42  Spire  
  139  11:43  Extractor  
  137  12:12  Queen  
  139  12:18  Hydralisk x5  
  139  12:19  Hydralisk x7  
  163  12:56  Drone  
  163  12:57  Drone x13  
  176  12:58  Drone x2  
  165  13:13  Drone x3  
  165  13:14  Drone x2  
Show
View Real Time Build Order
Export as new Build Order

TATORREA Protoss - Winner!

Build Orders:  

Get SALT Encoding   

  12  0:02  Probe  
  13  0:20  Pylon  
  13  0:31  Probe  
  14  0:50  Probe  
  14  0:51  Forge  
  14  0:53  Gateway  
  15  1:02  Probe  
  16  1:33  Pylon  
  16  1:43  Pylon  
  16  1:56  Photon Cannon  
  16  1:58  Photon Cannon  
  16  2:01  Photon Cannon  
  16  2:08  Photon Cannon  
  16  2:10  Photon Cannon  
  16  2:17  Photon Cannon  
  16  2:23  Pylon  
  16  2:49  Photon Cannon  
  16  3:02  Pylon  
  16  3:13  Pylon  
  16  3:15  Photon Cannon  
  16  3:25  Photon Cannon  
  16  3:27  Photon Cannon  
  16  3:52  Photon Cannon  
  16  3:54  Photon Cannon  
  16  4:09  Photon Cannon  
  15  4:25  Probe  
  16  4:38  Probe  
  17  4:44  Cybernetics Core  
  17  4:55  Gateway  
  17  5:44  Probe  
  17  5:49  Pylon  
  18  5:54  Pylon  
  18  5:56  Pylon, Probe  
  19  5:59  Nexus  
  19  6:07  Nexus  
  19  6:08  Probe  
  14  6:27  Probe  
  14  6:29  Assimilator  
  14  6:39  Probe  
  15  6:40  Pylon  
  15  6:46  Warp Gate  
  15  6:47  Protoss Ground Weapons Level 1  
  15  6:51  Stalker, Probe  
  15  6:52  Stalker  
  20  7:03  Probe  
  21  7:11  Assimilator  
  21  7:14  Probe  
  22  7:16  Probe  
  23  7:26  Probe  
  23  7:28  Probe x2  
  26  7:38  Probe  
  26  7:40  Probe x2  
  29  7:50  Probe  
  30  7:54  Probe  
  30  7:57  Probe  
  32  8:04  Probe  
  33  8:06  Probe  
  33  8:09  Probe  
  33  8:11  Pylon  
  35  8:16  Pylon  
  35  8:19  Pylon  
  35  8:23  Probe x3  
  38  8:38  Twilight Council  
  38  8:47  Probe x3  
  41  8:56  Protoss Ground Armor Level 1  
  41  8:57  Stargate  
  41  9:00  Stargate  
  41  9:07  Probe x2  
  43  9:11  Probe  
  44  9:17  Assimilator  
  44  9:20  Probe x2  
  44  9:21  Assimilator  
  44  9:23  Probe  
  42  9:35  Stalker  
  42  9:36  Stalker  
  40  9:49  Probe x3  
  33  10:01  Probe x3  
  33  10:05  Pylon  
  35  10:13  Probe x3  
  37  10:27  Pylon, Probe x3  
  40  10:32  Pylon  
  40  10:36  Pylon  
  40  10:39  Photon Cannon, Pylon  
  40  10:42  Photon Cannon  
  40  10:44  Photon Cannon  
  40  10:46  Photon Cannon  
  38  11:00  Probe x2  
  38  11:01  Probe  
  41  11:15  Photon Cannon  
  41  11:17  Photon Cannon, Probe x3  
  44  11:20  Photon Cannon  
  44  11:23  Photon Cannon  
  44  11:31  Probe x3  
  47  11:38  Assimilator  
  47  11:43  Assimilator, Probe x3  
  50  11:50  Fleet Beacon  
  50  11:53  Robotics Facility  
  50  11:56  Gateway  
  50  11:57  Gateway  
  50  11:59  Probe x2  
  50  12:00  Probe  
  53  12:13  Probe x3  
  56  12:25  Probe  
  57  12:36  Probe  
  58  12:37  Probe  
  59  12:49  Probe  
  70  13:01  Probe  
  71  13:10  Cybernetics Core  
  71  13:13  Probe  
Show
View Real Time Build Order
Export as new Build Order

tigro Terran - Winner!

Build Orders:  

Get SALT Encoding   

  12  0:04  SCV  
  13  0:16  SCV  
  14  0:28  SCV  
  14  0:30  Supply Depot  
  14  0:35  Refinery  
  15  0:51  SCV  
  16  1:03  SCV  
  17  1:06  Barracks  
  17  1:15  SCV  
  17  1:17  Refinery  
  18  1:28  SCV  
  19  1:40  SCV  
  20  1:52  SCV  
  21  1:55  Marine  
  22  2:04  SCV  
  22  2:05  Barracks  
  23  2:19  Engineering Bay  
  23  2:32  Supply Depot  
  23  2:36  Orbital Command  
  23  2:53  Marine  
  23  2:55  Barracks Tech Lab  
  24  3:09  SCV  
  24  3:11  Marine  
  26  3:26  Factory  
  26  3:29  Marine  
  27  3:36  Combat Shield  
  27  3:42  Marine  
  27  3:46  Marine  
  29  3:57  SCV  
  29  3:59  Marine  
  31  4:03  Command Center  
  31  4:07  Barracks Tech Lab  
  31  4:17  Marine  
  32  4:35  Marine  
  33  4:46  Factory Tech Lab  
  33  4:47  Starport  
  33  4:48  Stimpack  
  33  4:51  Marine  
  34  4:53  Marine  
  34  4:55  Concussive Shells  
  35  5:09  Marine  
  35  5:11  Marine  
  37  5:26  Marine  
  38  5:28  Marine  
  38  5:35  Refinery  
  39  5:36  SCV  
  39  5:41  Medivac  
  42  5:44  Marine  
  42  5:46  Marine  
  42  5:48  SCV  
  42  5:49  Siege Tank  
  48  5:59  Fusion Core  
  48  6:01  SCV  
  48  6:02  Marine  
  50  6:13  SCV  
  51  6:25  SCV  
  52  6:46  Missile Turret  
  52  7:35  Missile Turret  
  52  7:49  Starport Tech Lab  
  52  7:53  Siege Tank  
  52  7:56  Marine  
  52  7:57  Marine  
  57  8:00  Weapon Refit  
  57  8:02  Missile Turret  
  57  8:11  Armory  
  57  8:12  Terran Infantry Weapons Level 1  
  57  8:14  Marine x2  
  59  8:22  SCV  
  59  8:25  Missile Turret  
  60  8:29  Refinery  
  60  8:32  Marine x2  
  62  8:47  Missile Turret  
  62  8:52  Supply Depot  
  62  9:13  Missile Turret  
  62  9:14  Marine x2, SCV  
  65  9:19  Supply Depot  
  65  9:26  SCV  
  66  9:32  Marine x2  
  68  9:38  SCV  
  68  9:40  Rapid Reignition System  
  69  9:50  SCV  
  70  10:06  Terran Infantry Armor Level 1  
  70  10:37  Advanced Ballistics  
  70  11:02  Battlecruiser  
  74  11:58  Missile Turret  
  74  12:05  Thor  
  74  12:06  Medivac  
  88  12:48  Thor  
Show
View Real Time Build Order
Export as new Build Order

carpaltunnel Zerg 

Build Orders: Pool First 

Get SALT Encoding   

  12  0:07  Drone  
  12  0:10  Drone  
  12  0:14  Extractor  
  13  0:17  Drone  
  14  0:36  Spawning Pool  
  14  0:42  Drone  
  14  0:47  Overlord  
  14  1:26  Hatchery  
  14  1:29  Drone  
  14  1:31  Zergling x2  
  15  1:33  Zergling x2  
  16  1:48  Lair  
  13  2:50  Spire  
  12  2:53  Extractor  
  12  2:54  Drone x5  
  16  3:01  Zergling x2  
  17  3:13  Zergling x4  
  19  3:21  Queen  
  21  3:55  Spine Crawler  
  19  4:09  Mutalisk x2  
  22  4:37  Queen  
  24  4:47  Drone x4  
  24  4:51  Overlord x2  
  27  5:18  Mutalisk x2  
  31  5:40  Extractor  
  31  5:41  Drone x3  
  31  5:42  Drone x3  
  36  5:50  Zerg Flyer Weapons Level 1  
  36  6:19  Mutalisk  
  34  7:18  Mutalisk  
  36  7:35  Drone x4  
  36  7:37  Overlord x2, Mutalisk  
  42  7:59  Mutalisk x2  
  42  8:03  Drone x2  
  42  8:04  Drone x2  
  50  8:10  Overlord  
  50  8:14  Extractor  
  49  8:24  Mutalisk x2  
  53  8:47  Zerg Flyer Weapons Level 2  
  49  9:56  Mutalisk  
  49  9:57  Mutalisk x6  
  63  10:02  Overlord  
  61  10:24  Mutalisk x3  
  61  10:27  Overlord x2  
  67  10:44  Mutalisk x2  
  53  11:58  Mutalisk x3  
  59  12:02  Mutalisk x3  
  59  12:03  Mutalisk x2  
  69  12:31  Infestation Pit  
Show
View Real Time Build Order
Export as new Build Order

solidnliquid Protoss 

Build Orders:  

Get SALT Encoding   

  12  0:02  Probe  
  13  0:20  Pylon  
  13  0:25  Probe  
  14  0:44  Gateway  
  14  0:45  Probe  
  14  0:48  Assimilator  
  15  1:04  Probe  
  16  1:19  Probe  
  17  1:28  Assimilator  
  17  1:39  Cybernetics Core  
  17  1:43  Probe  
  17  1:45  Nexus  
  18  1:55  Probe  
  19  2:06  Zealot  
  12  2:59  Stalker  
  12  3:03  Assimilator  
  14  3:06  Assimilator  
  14  3:08  Probe  
  15  3:20  Probe  
  16  3:32  Probe  
  17  3:35  Stalker  
  19  3:45  Probe  
  20  3:57  Probe  
  21  4:09  Probe  
  22  4:37  Pylon  
  22  4:41  Pylon  
  22  4:53  Gateway  
  22  4:55  Stalker  
  22  4:58  Probe  
  22  4:59  Twilight Council  
  25  5:26  Nexus  
  25  5:42  Assimilator  
  25  5:46  Probe  
  25  5:47  Assimilator  
  26  5:53  Stalker  
  26  5:54  Stalker  
  30  5:58  Probe  
  31  6:35  Probe  
  31  6:36  Dark Shrine  
  32  6:40  Probe  
  33  6:47  Probe  
  33  6:53  Probe  
  35  6:59  Probe  
  33  7:05  Probe  
  31  7:15  Probe  
  25  7:17  Probe  
  25  7:21  Blink  
  20  7:27  Stalker, Probe  
  20  7:29  Probe  
  17  7:39  Probe  
  17  7:51  Probe  
  17  7:57  Stalker, Dark Templar  
  22  7:59  Pylon  
  22  8:03  Assimilator, Probe  
  23  8:15  Probe  
  24  8:26  Probe  
  25  8:27  Dark Templar  
  25  8:28  Probe  
  28  8:36  Dark Templar  
  28  8:38  Probe  
  28  8:40  Probe  
  32  8:52  Probe  
  33  9:04  Probe  
  33  9:06  Dark Templar  
  36  9:14  Probe  
  36  9:15  Dark Templar  
  39  9:18  Probe  
  40  9:26  Probe  
  41  9:38  Probe  
  42  9:50  Probe  
  43  10:02  Probe  
  44  10:15  Probe  
  45  10:27  Probe  
  46  10:47  Probe  
  43  10:56  Probe  
  44  10:59  Probe  
  45  11:09  Probe  
  46  11:11  Pylon  
  46  11:13  Pylon  
  46  11:16  Pylon  
  46  11:18  Pylon  
  46  11:29  Stalker, Probe x2  
  50  11:36  Dark Templar  
  52  11:59  Stalker  
  54  12:15  Dark Templar  
  56  12:18  Probe  
  53  12:29  Stalker  
  51  12:30  Probe  
  46  12:52  Probe  
Show
View Real Time Build Order
Export as new Build Order

zateon Terran 

Build Orders:  

Get SALT Encoding   

  12  0:13  Supply Depot  
  12  0:14  SCV  
  13  0:31  SCV  
  14  0:43  SCV  
  14  0:46  Barracks  
  15  0:52  Refinery  
  15  0:55  SCV  
  16  1:08  SCV  
  17  1:20  SCV  
  18  1:35  Orbital Command  
  18  1:36  Marine  
  19  1:54  Marine  
  20  2:12  Marine  
  21  2:26  Factory  
  21  2:30  Marine  
  22  2:47  Marine  
  23  3:09  Refinery  
  23  3:16  Factory Tech Lab  
  23  3:23  Supply Depot  
  23  3:26  Marine  
  24  3:37  Siege Tank  
  27  3:44  Marine  
  28  3:52  Supply Depot  
  28  3:59  Barracks  
  28  4:02  Marine  
  29  4:09  Siege Tank  
  32  4:20  Marine  
  33  4:38  Marine  
  34  4:40  Supply Depot  
  34  5:02  Barracks Reactor  
  34  5:05  Barracks Tech Lab  
  34  5:09  Supply Depot  
  34  5:45  Stimpack  
  34  5:50  Starport  
  34  6:02  SCV  
  34  6:03  Command Center  
  35  6:14  SCV  
  36  6:26  SCV  
  36  6:29  Hellion  
  39  6:34  Marine x2  
  39  6:38  SCV  
  42  6:50  Hellion, SCV  
  42  6:52  Marine x2  
  47  7:09  Marine  
  47  7:10  Marine  
  47  7:11  Hellion  
  49  7:24  Combat Shield  
  49  7:27  Marine  
  49  7:28  Marine  
  51  7:33  Hellion  
  50  7:54  Hellion  
  52  8:12  Medivac  
  54  8:15  Siege Tank  
  57  8:21  Supply Depot  
  57  8:27  Orbital Command  
  57  8:40  Marauder  
  59  8:42  Medivac  
  59  8:45  Marine x2  
  63  8:58  Supply Depot  
  63  9:01  Marauder  
  65  9:03  Marine x2  
  67  9:21  Marine x2  
  67  9:23  Marauder  
  71  9:26  SCV x2  
  74  9:38  SCV x2  
  74  9:39  Marine x2  
  74  9:44  Marauder  
  79  9:50  SCV x2  
  81  10:02  SCV  
  81  10:03  SCV  
  81  10:06  Marauder  
  85  10:14  SCV  
  85  10:15  SCV  
  87  10:27  SCV x2  
  89  10:39  SCV x2  
  91  10:51  SCV x2  
  93  11:01  Refinery  
  93  11:02  Refinery  
  93  11:05  SCV  
  94  11:12  Supply Depot  
  94  11:13  Starport Reactor  
  94  11:23  Armory  
  94  11:26  Engineering Bay  
  94  11:34  SCV x2  
  96  11:46  SCV  
Tags
 
Add a new tag
Caveats
  • Supply blocks, unpowered buildings, or Contaminate may cause inaccurate times.
  • Supply counts are checked every 10 seconds.